 Dungeon Crawl Stone Soup version 0.30-a0-986-g7f2e898f52 (webtiles) character file.

Game seed: 16533732066225624498

39 HeliumTrimp the Cudgeller (level 3, -11/24 HPs)
             Began as a Gargoyle Monk on Apr 1, 2023.
             Mangled by Crazy Yiuf
             ... wielding a +3 quarterstaff of chaos
              (15 damage)
             ... on level 2 of the Dungeon.
             The game lasted 00:02:36 (1830 turns).

HeliumTrimp the Cudgeller (Gargoyle Monk)           Turns: 1830, Time: 00:02:36

Health: -11/24     AC:  5    Str: 16    XL:     3   Next: 47%
Magic:  3/3        EV: 12    Int: 10    God:
Gold:   104        SH:  0    Dex: 12    Spells: 2/2 levels left

rFire   . . .      SeeInvis .    a - +0 mace
rCold   . . .      Faith    .    (no shield)
rNeg    + . .      Spirit   .    b - +0 robe
rPois   ∞          Reflect  .    (no helmet)
rElec   +          Rampage  .    (no cloak)
rCorr   .                        (no gloves)
Will    .....                    (no boots)
Stlth   ++                       i - amulet of magic regeneration
HPRegen 0.24/turn                (no ring)
MPRegen 0.48/turn                (no ring)

@: no status effects
A: sickness immunity, AC +3, negative energy resistance 1, electricity
resistance, torment resistance 1, petrification resistance
a: no special abilities


You were on level 2 of the Dungeon.
You visited 1 branch of the dungeon, and saw 2 of its levels.

You collected 104 gold pieces.

Inventory:

Hand Weapons
 a - a +0 mace (weapon)
Armour
 b - a +0 robe (worn)
Jewellery
 i - an amulet of magic regeneration (around neck)
Scrolls
 d - 2 scrolls of noise {unknown}
 f - 3 scrolls of identify {unknown}
 g - a scroll of silence {unknown}
 h - a scroll of teleportation {unknown}
 j - a scroll of magic mapping {unknown}
Potions
 c - a potion of ambrosia
 e - a potion of might {unknown}


   Skills:
 + Level 3.8 Fighting
 * Level 4.0 Maces & Flails
 - Level 2.4 Dodging
 - Level 2.1 Stealth


You had 2 spell levels left.
You didn't know any spells.
Your spell library was empty.

Dungeon Overview and Level Annotations

Branches:
Dungeon (2/15)

Altars:

Annotations:
D:2 Crazy Yiuf


Innate Abilities, Weirdness & Mutations

You are immune to sickness and miasma.
Your stone body is resilient. (AC +3)
You are immune to poison.
You resist negative energy. (rN+)
You are resistant to electric shocks. (rElec)
You are resistant to unholy torment.
You are immune to petrification.


Message History

You see here a worm corpse.
Found a stone staircase leading up.
Search for what [Enter for "rmor", or ? for help]?
You see here a +0 club.
There is an open door here.
Crazy Yiuf shouts!
Press: ? - help, v - describe, . - travel, g - get item Item here: a hammer.
The floor.
You start putting on your amulet.
You continue putting on your amulet of magic regeneration.
Crazy Yiuf laughs, "Race eyeball horse!"
You continue putting on your amulet of magic regeneration.
Crazy Yiuf yells, "Snoogle!
Hack hand illywillydillykilly."
You continue putting on your amulet of magic regeneration. x3
You finish putting on your amulet of magic regeneration.
i - an amulet of magic regeneration (around neck)
Okay, then.
You open the door. You sock Crazy Yiuf!
Crazy Yiuf is heavily wounded.
Crazy Yiuf hits you with a +3 quarterstaff of chaos!
Ouch! That really hurt!
Crazy Yiuf freezes you.
You are too injured to fight recklessly!
You are too injured to fight recklessly!
You barely miss Crazy Yiuf.
Crazy Yiuf is heavily wounded.
Crazy Yiuf hits you with a +3 quarterstaff of chaos.
* * * LOW HITPOINT WARNING * * *
Crazy Yiuf burns you.
* * * LOW HITPOINT WARNING * * *
You closely miss Crazy Yiuf.
Crazy Yiuf is heavily wounded.
Crazy Yiuf misses you.
You barely miss Crazy Yiuf. You punch Crazy Yiuf.
Crazy Yiuf is heavily wounded.
Crazy Yiuf hits you with a +3 quarterstaff of chaos!
Ouch! That really hurt!
You die...

...........#
#.#
#...........
...........#
###
#.#######.##
####.......#
#.#### #.#!
...........#
##### #....#
#.##
#####......#
#..)# #....#
#...
#.##...#
#...# #....#
##.##
#.##...# ...
#....# #....
#####.##...#
#g# #.####
#.###
....#.##.#.#
♣♣@♣ #.#
####.#
....#.##.#.#
♣.♣♣
#.###....#
......##.#.#
♣♣.♣
#.....####
....####.#.#
♣.♣♣ #..####
....####...#
♣♣.♣♣ #[.#
...........#
♣.P.♣♣ #..#
...........#
♣.P.P♣ #..#
...........#
#....# #..#
....####...#
##..########


You could see Crazy Yiuf.

Vanquished Creatures
  An adder (D:2)
  A worm (D:2)
  5 ball pythons
  2 bats
  5 endoplasms
  A giant cockroach (D:2)
  2 goblins (D:2)
  3 hobgoblins
  A quokka (D:1)
  3 rats (D:1)
24 creatures vanquished.

Notes
Turn   | Place    | Note
-------+----------+-------------------------------------------
     0 | D:1      | HeliumTrimp the Gargoyle Monk began the quest for the Orb.
     0 | D:1      | Reached XP level 1. HP: 14/14 MP: 1/1
   165 | D:1      | Reached XP level 2. HP: 4/19 MP: 2/2
  1242 | D:2      | Reached XP level 3. HP: 18/24 MP: 3/3
  1391 | D:2      | Found a runed translucent door.
  1392 | D:2      | Noticed Crazy Yiuf
  1519 | D:2      | Reached skill level 4 in Maces & Flails
  1830 | D:2      | Mangled by Crazy Yiuf

Illustrated notes

Levels and vault maps discovered:
D:1:      eino_arrival_druids_welcome, layout_basic, dreamdust_princess_bridge,
          minmay_misc_feat_alley, hangedman_glass_teeth
D:2:      layout_basic, item_on_display_a, uniq_crazy_yiuf_cottage

Skill      XL: |  1  2  3 |
---------------+----------+-----
Maces & Flails | 4 |  4.0
Fighting       | |  3.8
Dodging        | |  2.4
Stealth        | |  2.1

Action                     || total
---------------------------++-------
  Melee: Mace              ||    89
         Punch             ||     4
   Stab: Sleeping          ||     3
 Armour: Robe              ||    22
  Dodge: Dodged            ||    40

Table legend: (Time is in decaauts)
 A = Elapsed time spent in this place.
 B = Non-inter-level travel time spent in this place.
 C = Inter-level travel time spent in this place.
 D = Time resting spent in this place.
 E = Time spent auto-exploring this place.
 F = Levels seen in this place.
 G = Mean time per level.
                   A        B        C        D        E       F      G
               +--------+--------+--------+--------+--------+-----+--------+
         Total |   1849 |   1836 |     13 |    139 |   1461 |   2 |  924.5 |
       Dungeon |   1849 |   1836 |     13 |    139 |   1461 |   2 |  924.5 |
               +--------+--------+--------+--------+--------+-----+--------+

Top non-repeatable levels by time:
     D:2: 1016 daAuts
     D:1: 833 daAuts
